 Dungeon Crawl Stone Soup version 0.29-a0-275-g389c0b56f3 (webtiles) character file.

Game seed: 17333650324848457948

157 bjtr the Firebug (level 5, 0/35 HPs)
             Began as a Demonspawn Fire Elementalist on Mar 13, 2022.
             Shot with an arrow by a centaur (7 damage)
             ... on level 4 of the Dungeon.
             The game lasted 00:14:42 (3859 turns).

bjtr the Firebug (Demonspawn Fire Elementalist)     Turns: 3859, Time: 00:14:42

Health: 0/35       AC:  6    Str:  8    XL:     5   Next: 15%
Magic:  8/8        EV: 12    Int: 18    God:
Gold:   221        SH:  4    Dex: 14    Spells: 3/9 levels left

rFire   + . .      SeeInvis .   g - +0 rapier
rCold   . . .      Faith    .   (no shield)
rNeg    . . .      Spirit   .   a - +0 robe
rPois   .          Reflect  .   (helmet restricted)
rElec   .          Harm     .   (no cloak)
rCorr   .          Rampage  .   (no gloves)
Will    +....                   (no boots)
Stlth   ++........              (no amulet)
HPRegen 0.11/turn               u - ring of protection from fire
MPRegen 0.22/turn               B - ring of willpower

@: no status effects
A: antennae 1, icemail 1, magic regeneration, condensation shield
a: no special abilities


You were on level 4 of the Dungeon.
You visited 1 branch of the dungeon, and saw 4 of its levels.

You collected 221 gold pieces.

Inventory:

Hand Weapons
 b - a +0 hunting sling
 g - a +0 rapier (weapon)
 h - a +0 dagger of venom
 s - a +0 mace
 z - a +0 short sword of draining
 A - a +0 flail
Missiles
 d - 76 stones
 i - 3 curare-tipped darts
 j - 5 datura-tipped darts
Armour
 a - a +0 robe (worn)
 p - a +3 scale mail
 r - a +0 leather armour
 t - a +0 ring mail
Jewellery
 e - a ring of flight
 f - a +6 ring of strength
 o - a ring of positive energy
 u - a ring of protection from fire (left hand)
 B - a ring of willpower (right hand)
Scrolls
 c - 2 scrolls of teleportation {unknown}
 k - a scroll of amnesia
 l - a scroll of magic mapping {unknown}
 m - a scroll of torment {unknown}
 v - a scroll of vulnerability {unknown}
 x - a scroll of noise {unknown}
 y - a scroll of fear {unknown}
Potions
 n - a potion of brilliance
 q - a potion of haste
 w - a potion of invisibility


   Skills:
 + Level 0.2 Fighting
 + Level 1.8 Dodging
 - Level 1.7 Stealth
 + Level 2.6 Spellcasting
 + Level 2.5 Conjurations
 * Level 4.4 Fire Magic


You had 3 spell levels left.
You knew the following spells:

 Your Spells              Type           Power      Damage    Failure   Level
a - Foxfire               Conj/Fire      56%        2x1d6     4%          1
b - Scorch                Fire           36%        2d7       4%          2
c - Conjure Flame         Conj/Fire      14%        6-21      12%         3

Your spell library contained the following spells:

 Spells                   Type           Power      Damage    Failure   Level
 Inner Flame              Hex/Fire       10%        N/A       21%         3
 Call Canine Familiar     Summ           2%         N/A       45%         3
 Portal Projectile        Hex/Tloc       4%         N/A       45%         3
 Flame Wave               Conj/Fire      14%        2d6       38%         4
 Leda's Liquefaction      Hex/Erth       1%         N/A       86%         4


Dungeon Overview and Level Annotations

Branches:
Dungeon (4/15)             Temple (0/1) D:4

Altars:
Yredelemnul


Innate Abilities, Weirdness & Mutations

You have a pair of small antennae on your head.
A meltable icy envelope protects you from harm. (AC +4)
You regenerate magic rapidly.
A meltable shield of frost defends you. (SH +4)


Message History

Confirm with . or Enter, or press ? or * to list all spells.
You conjure some foxfire!
The iguana hisses angrily.
You hear an angry hiss.
The foxfire hits the iguana.
The iguana is moderately wounded.
The foxfire hits the iguana but does no damage.
The iguana is moderately wounded.
A ball python comes into view.
The foxfire hits the iguana but does no damage.
The iguana is moderately wounded.
Casting: Foxfire (safe; 4% risk of failure)
Confirm with . or Enter, or press ? or * to list all spells.
You conjure some foxfire!
The foxfire hits the iguana but does no damage.
The iguana is moderately wounded.
The foxfire hits the ball python.
You kill the ball python!
Casting: Foxfire (safe; 4% risk of failure)
Confirm with . or Enter, or press ? or * to list all spells.
You conjure some foxfire!
The foxfire hits the iguana but does no damage.
The iguana is moderately wounded.
The foxfire hits the iguana.
The iguana is moderately wounded.
The foxfire hits the iguana.
The iguana is severely wounded.
The foxfire hits the iguana but does no damage.
The iguana is severely wounded.
A centaur comes into view.
The foxfire hits the iguana.
The iguana is severely wounded.
The centaur wields a +0 shortbow.
The centaur shoots an arrow.
The arrow hits you!
The centaur shoots an arrow.
The arrow hits you.
The centaur shoots an arrow.
The arrow hits you!
The centaur shoots an arrow.
The arrow hits you!
* * * LOW HITPOINT WARNING * * *
There is a stone staircase leading up here.
The centaur shoots an arrow.
The arrow hits you!
You die...

.............#.........##.......#
............##.##..###....#...###
.............#.....####..##....#
............c.......#...###.....
....#..........))........#......
...........#...l..........#...
>..........#......!#..........
.....####.##.......#.........#.
## #....@.......#......
###......#.###......
#########.#....... #..........
#.......... ###.#..#.. #...#..#
###.#..# #....## .


You could see a centaur and an iguana.

Vanquished Creatures
  An iguana (D:3)
  An orc wizard (D:3)
  2 adders
  3 worms
  2 dart slugs
  10 orcs
  9 ball pythons
  4 bats
  6 endoplasms
  6 goblins
  5 hobgoblins
  2 jackals (D:1)
  3 kobolds
  2 quokkas
  3 frilled lizards
  4 rats
63 creatures vanquished.

Vanquished Creatures (others)
  163 foxfires
163 creatures vanquished.

Grand Total: 226 creatures vanquished

Notes
Turn   | Place    | Note
-------+----------+-------------------------------------------
     0 | D:1      | bjtr the Demonspawn Fire Elementalist began the quest for
                  | the Orb.
     0 | D:1      | Reached XP level 1. HP: 13/13 MP: 3/3
   150 | D:1      | Reached skill level 3 in Fire Magic
   277 | D:1      | Gained mutation: You have a pair of small antennae on your
                  | head. [demonic ancestry]
   277 | D:1      | Reached XP level 2. HP: 16/19 MP: 0/5
   449 | D:1      | Found a faded altar of an unknown god.
  1326 | D:2      | Gained mutation: A meltable shield of frost defends you.
                  | (SH +4) [demonic ancestry]
  1326 | D:2      | Reached XP level 3. HP: 24/24 MP: 1/6
  1533 | D:2      | Learned a level 2 spell: Scorch
  1537 | D:2      | Learned a level 3 spell: Conjure Flame
  2882 | D:3      | Reached skill level 4 in Fire Magic
  2967 | D:3      | Gained mutation: A meltable icy envelope protects you from
                  | harm. (AC +4) [demonic ancestry]
  2967 | D:3      | Reached XP level 4. HP: 30/30 MP: 0/7
  3711 | D:4      | Found a staircase to the Ecumenical Temple.
  3719 | D:4      | Gained mutation: You regenerate magic rapidly. [demonic
                  | ancestry]
  3719 | D:4      | Reached XP level 5. HP: 35/35 MP: 2/8
  3828 | D:4      | Found a basalt altar of Yredelemnul.
  3841 | D:4      | Noticed a centaur
  3859 | D:4      | Shot with an arrow by a centaur

Illustrated notes

Levels and vault maps discovered:
D:1:      erik_arrival_cave_to_civilisation [erik_arrival_cave_to_temple],
          layout_basic, hellmonk_ecumenical_altar_lost_god
D:2:      layout_loops_ring, patterned_corridor
D:3:      layout_rooms, kennysheep_nondescript
D:4:      layout_cave_pools, mainiacjoe_overflow_tiny_flanked,
          minmay_temple_entry_crystal_x, serial_column_ruins,
          column_ruins_open_tiny, column_ruins_grid_1, column_ruins_grid_3,
          column_ruins_grid_3, uniq_natasha

Skill      XL: |  1  2  3  4 |
---------------+-------------+-----
Fire Magic     | 3 4 |  4.4
Conjurations   | 2 |  2.5
Fighting       | |  0.2
Dodging        | |  1.8
Stealth        | |  1.7
Spellcasting   | |  2.6

Action                   |  1- 3 |  4- 6 || total
-------------------------+-------+-------++-------
Melee: Short sword       |     8 |       ||     8
       Rapier            |    31 |    22 ||    53
 Cast: Foxfire           |    68 |    29 ||    97
       Scorch            |     5 |     8 ||    13
  Use: Scroll            |     1 |     3 ||     4
       Potion            |       |     2 ||     2
 Stab: Sleeping          |     2 |     1 ||     3
Armor: Robe              |     7 |    14 ||    21
Dodge: Dodged            |    31 |    18 ||    49
Block: Other             |     4 |    11 ||    15

Table legend: (Time is in decaauts)
 A = Elapsed time spent in this place.
 B = Non-inter-level travel time spent in this place.
 C = Inter-level travel time spent in this place.
 D = Time resting spent in this place.
 E = Time spent auto-exploring this place.
 F = Levels seen in this place.
 G = Mean time per level.
                   A        B        C        D        E       F      G
               +--------+--------+--------+--------+--------+-----+--------+
         Total |   3850 |   3745 |    105 |   1069 |   2076 |   4 |  962.5 |
       Dungeon |   3850 |   3745 |    105 |   1069 |   2076 |   4 |  962.5 |
               +--------+--------+--------+--------+--------+-----+--------+

Top non-repeatable levels by time:
     D:2: 1623 daAuts
     D:1: 1262 daAuts
     D:3: 750 daAuts
     D:4: 214 daAuts
